 Dungeon Crawl Stone Soup version 0.27-a0-404-g4390dbc5be (webtiles) character file.

Game seed: 15246355224072418931

27146 Ijustatesigmund the Cleaver (level 13, -1/112 HPs)
             Began as an Octopode Fighter on Feb 17, 2021.
             Was a Priest of Cheibriados.
             Slain by an orc high priest
             ... wielding a +2 long sword of flaming
              (4 damage)
             ... on level 2 of the Orcish Mines on Feb 22, 2021.
             The game lasted 00:48:51 (15836 turns).

Ijustatesigmund the Cleaver (Octopode Fighter)     Turns: 15836, Time: 00:48:52

Health: -1/112     AC:  5    Str: 23    XL:     13   Next: 30%
Magic:  9/18       EV: 20    Int: 20    God:    Cheibriados [***...]
Gold:   1944       SH: 14    Dex: 21    Spells: 11/12 levels left

rFire    . . .     SeeInvis .   a - +4 war axe
rCold    + . .     Faith    .   b - +2 kite shield
rNeg     . . .     Spirit   .   n - +2 hat
rPois    .         Reflect  .   m - amulet of Vitality {Regen+ HP+15}
rElec    .         Harm     .   E - ring of protection from cold
rCorr    .         Rampage  .   (no ring)
Will     .....     Clarity  +   (no ring)
Stlth    +++.......             (no ring)
HPRegen  1.28/turn              (no ring)
MPRegen  0.16/turn              (no ring)
                                (no ring)
                                (no ring)

@: very slow
A: almost no armour, stealthy swim, amphibious, 8 rings, constrict 8, fangs 1,
molten scales 1, camouflage 1, clarity, dopey 1, gelatinous body 1
a: Renounce Religion, Bend Time, Temporal Distortion


You were on level 2 of the Orcish Mines.
You worshipped Cheibriados.
Cheibriados was most pleased with you.
You visited 4 branches of the dungeon, and saw 17 of its levels.

You collected 2136 gold pieces.
You spent 192 gold pieces at shops.

Inventory:

Hand Weapons
 a - a +4 war axe (weapon)
 u - a +0 morningstar
 x - a +1 vampiric war axe
Missiles
 o - 12 atropa-tipped darts (quivered)
 v - 6 curare-tipped darts
 y - a javelin
Armour
 b - a +2 kite shield (worn)
 n - a +2 hat (worn)
Jewellery
 m - the amulet of Vitality (around mantle) {Regen+ HP+15}
   (You found it on level 5 of the Dungeon)

   [amulet of regeneration]

   It affects your health (+15).
   It increases your rate of regeneration.
 q - an amulet of magic regeneration
 D - an amulet of the acrobat
 E - a ring of protection from cold (left tentacle)
Wands
 g - a wand of acid (3)
 i - a wand of iceblast (9)
 A - a wand of paralysis (25)
 B - a wand of polymorph (6)
 H - a wand of charming (2)
 I - a wand of digging (5)
Scrolls
 f - 5 scrolls of immolation
 h - 4 scrolls of magic mapping
 l - 3 scrolls of amnesia
 p - 2 scrolls of identify
 r - a scroll of enchant armour
 z - a scroll of silence
 G - a scroll of holy word {unknown}
Potions
 c - 2 potions of mutation
 e - 2 potions of flight
 j - a potion of brilliance
 s - a potion of magic
 t - a potion of lignification
 w - a potion of cancellation
Miscellaneous
 d - a box of beasts
 F - a condenser vane (inert)


   Skills:
 + Level 12.0 Fighting
 + Level 12.1 Axes
 - Level 9.0 Dodging
 - Level 9.0 Shields
 - Level 3.2 Conjurations
 + Level 7.9 Invocations
 - Level 3.0 Evocations


You had 11 spell levels left.
You knew the following spells:

 Your Spells              Type           Power        Failure   Level
a - Magic Dart            Conj           48%          11%         1

Your spell library contained the following spells:

 Spells                   Type           Power        Failure   Level
 Searing Ray              Conj           24%          17%         2
 Foxfire                  Conj/Fire      24%          22%         1
 Shock                    Conj/Air       24%          22%         1
 Corona                   Hex            0%           38%         1
 Freeze                   Ice            0%           38%         1
 Sting                    Tmut/Pois      0%           38%         1
 Slow                     Hex            0%           52%         2
 Sublimation of Blood     Necr           0%           52%         2
 Swiftness                Air            0%           52%         2
 Conjure Flame            Conj/Fire      6%           54%         3
 Dazzling Flash           Conj/Hex       12%          54%         3
 Static Discharge         Conj/Air       6%           54%         3
 Frozen Ramparts          Ice            0%           77%         3
 Ignite Poison            Fire/Tmut/Pois 0%           77%         3
 Inner Flame              Hex/Fire       0%           77%         3
 Ozocubu's Armour         Ice            0%           77%         3
 Portal Projectile        Hex/Tloc       0%           77%         3
 Fulminant Prism          Conj/Hex       3%           91%         4
 Hailstorm                Conj/Ice       6%           91%         4
 Iskenderun's Mystic Bla  Conj/Tloc      6%           91%         4
 Sticky Flame             Conj/Fire      6%           91%         4
 Airstrike                Air            0%           99%         4
 Cause Fear               Hex            0%           99%         4
 Leda's Liquefaction      Hex/Erth       0%           99%         4
 Petrify                  Tmut/Erth      0%           99%         4
 Summon Ice Beast         Ice/Summ       0%           99%         4
 Fireball                 Conj/Fire      3%           99%         5
 Irradiate                Conj/Tmut      3%           99%         5
 Lightning Bolt           Conj/Air       3%           99%         5
 Alistair's Intoxication  Tmut/Pois      0%           100%        5
 Eringya's Noxious Bog    Tmut/Pois      0%           100%        6
 Invisibility             Hex            0%           100%        6


Dungeon Overview and Level Annotations

Branches:
Dungeon (13/15)            Temple (1/1) D:4            Lair (1/6) D:10
    Orc (2/2) D:10            Elf (0/3) Orc:2
 Vaults: D:13-14

Altars:
Ashenzari
Cheibriados
Dithmenos
Elyvilon
Fedhas
Gozag
Hepliaklqana
Kikubaaqudgha
Makhleb
Nemelex Xobeh
Okawaru
Qazlal
Ru
Sif Muna
Trog
Uskayaw
Vehumet
Wu Jian
Xom
Yredelemnul
Zin
The Shining One
Beogh

Shops:
D:11 (

Annotations:
D:4 Richi's ghost, novice TrWn
D:5 1 runed translucent door
D:11 1 runed translucent door, TimeIsEndless's ghost, journeyman DDFi
Lair:1 1 runed translucent door


Innate Abilities, Weirdness & Mutations

You cannot wear most types of armour.
You are very stealthy in the water. (Stealth+)
You are amphibious.
You can wear up to eight rings at the same time.
You can use your tentacles to constrict eight enemies at once.
Your skin changes colour to match your surroundings (Stealth+).
Your rubbery body absorbs attacks. (AC +1, EV +1)
You have very sharp teeth.
You are partially covered in molten scales. (AC +2)
You possess an exceptional clarity of mind.
You are dopey. (Int -2)


Message History

As you read the scroll of fear, it crumbles to dust.
You assume a fearsome visage.
The orange demon is unaffected.
The orc priest looks frightened!
The orc warrior looks frightened!
The orc high priest looks frightened! x2; The orc priest looks frightened!
The orc high priest resists with some effort.
The hellwing is unaffected.
The sixfirhy is unaffected.
You feel sick.
The orc high priest utters an invocation to Beogh.
The orc high priest is healed somewhat.
An orc comes into view.
Unknown command.
You feel sick.
The orc high priest invokes the aid of Beogh against you.
You resist with significant effort. You block the sixfirhy's attack.
You see here an orc corpse.
You feel sick. The sixfirhy hits you!
* * * LOW HITPOINT WARNING * * *
The sixfirhy shocks you!
* * * LOW HITPOINT WARNING * * *
You block the sixfirhy's attack.
The sixfirhy hits you but does no damage.
The sixfirhy completely misses you. The sixfirhy closely misses you.
The orc warrior looks rattled.
The orc high priest mumbles some strange prayers to Beogh against you.
Beogh smites you!
* * * LOW HITPOINT WARNING * * *
You block the orange demon's attack.
You hear a shout!
You feel better.
You hear a shout!
The orange demon stings you from afar!
* * * LOW HITPOINT WARNING * * *
You can feel time thicken for a moment.
You kill the sixfirhy!
You kill the orc priest!
Cheibriados thoroughly appreciates the change of pace.
You kill the orc!
Cheibriados appreciates the change of pace.
You can no longer inflict damage on those overly hasty.
Cheibriados lowers the support of your attributes as your movement quickens.
The orc high priest hits you with a +2 long sword of flaming.
You die...

*,,*,,*,,,,,*,,*,,#....####......
*,,..***,,,**#...,#.....#.#.....#
*,,o..*,,,,,#o.o,,#........#,,,,,
*,,....,*,*,ooo,,,#.........*,,,,
*,,...o#####..,,,,#.........,,,,,
**,..........,,,,##.........,,,,,
,**,.....o..,,,,##..........,,,,,
,,*#####...######...........,,,,,
,,,.......o4..4.@...).......,,,,,
*,,.......)))).o............,,*,,
***#.........).......)......,***,
##.......................,***,
#...#..................#.,,*,,
##.#..................##*,**,,
####.................# ***,,,
*#.................#****,,,
*.....#.............*,*,,,,


You could see 2 orc high priests, an orange demon (summoned) and a hellwing
(summoned).

Vanquished Creatures
  Jorgrun (Orc:1)
  A hydra (D:12)
  2 two-headed ogres
  A centaur warrior (D:12)
  An orc high priest (Orc:1)
  Sonja (D:12)
  Nergalle (Orc:1)
  An orc sorcerer (Orc:2)
  2 ugly things
  2 manticores (D:12)
  A centaur zombie (D:13)
  5 cane toads (Lair:1)
  2 rime drakes (Lair:1)
  Psyche (D:8)
  3 komodo dragons
  An efreet (D:13)
  3 trolls
  A queen bee (D:9)
  2 blink frogs (Lair:1)
  A wraith (D:10)
  2 shadows
  A wyvern (D:13)
  14 yaks
  A vampire (D:11)
  A basilisk (D:13)
  4 wargs
  An acid dragon (D:12)
  2 water moccasins
  An eye of draining (D:10)
  2 sky beasts (D:8)
  3 black bears
  4 ice beasts
  22 orc warriors
  A necrophage (D:7)
  13 ogres
  4 centaurs
  5 phantoms
  10 bullfrogs
  6 kobold brigands
  A gnoll sergeant (D:10)
  A wyvern skeleton (D:13)
  A water moccasin zombie (D:11)
  3 scorpions
  7 killer bees
  14 wights
  6 howler monkeys
  4 jellies
  3 quasits
  2 bullfrog zombies
  6 gnoll shamans
  6 hounds
  15 orc priests
  Crazy Yiuf (D:7)
  2 bullfrog skeletons
  6 centaur skeletons
  5 iguanas
  Terence (D:3)
  20 orc wizards
  5 worker ants
  A hound zombie (D:5)
  A hound skeleton (D:7)
  20 gnolls
  14 adders
  2 river rats (Lair:1)
  3 shadow imps
  5 white imps
  2 ufetubi (D:5)
  An ooze (D:1)
  An adder skeleton (D:6)
  A worm (D:5)
  5 leopard geckos
  76 orcs
  3 ball pythons
  3 bats
  6 giant cockroaches
  3 goblins
  8 hobgoblins
  9 jackals
  27 kobolds
  3 quokkas
  6 frilled lizards
  2 leopard gecko skeletons
  A quokka skeleton (D:7)
  3 rats
445 creatures vanquished.

Vanquished Creatures (others)
  A quokka (D:8)
  8 fungi
  6 plants (D:10)
  7 toadstools (Lair:1)
22 creatures vanquished.

Grand Total: 467 creatures vanquished

Notes
Turn   | Place    | Note
-------+----------+-------------------------------------------
     0 | D:1      | Ijustatesigmund the Octopode Fighter began the quest for
                  | the Orb.
     0 | D:1      | Reached XP level 1. HP: 16/16 MP: 1/1
    92 | D:1      | Reached XP level 2. HP: 12/21 MP: 2/2
   467 | D:1      | Reached XP level 3. HP: 26/26 MP: 3/3
  1077 | D:2      | Reached XP level 4. HP: 30/32 MP: 4/4
  2209 | D:3      | Found a faded altar of an unknown god.
  2225 | D:3      | Noticed Terence
  2233 | D:3      | Killed Terence
  2290 | D:3      | Reached XP level 5. HP: 37/37 MP: 5/5
  2705 | D:4      | Found a staircase to the Ecumenical Temple.
  2710 | Temple   | Entered the Ecumenical Temple
  2929 | D:4      | Noticed a phantom
  2950 | D:4      | Killed a phantom
  2951 | D:4      | Reached XP level 6. HP: 7/44 MP: 6/6
  3301 | D:4      | Noticed a black bear
  3306 | D:4      | Killed a black bear
  3661 | D:4      | Found a basalt altar of Yredelemnul.
  3805 | D:5      | Entered Level 5 of the Dungeon
  3816 | D:5      | Found a runed translucent door.
  3830 | D:5      | Noticed Richi's ghost (novice TrWn)
  3843 | D:5      | Reached skill level 5 in Axes
  3843 | D:5      | Reached XP level 7. HP: 47/49 MP: 7/7
  4515 | D:5      | Found a runed translucent door.
  4727 | D:5      | Found the amulet of Vitality {Regen+ HP+15}
  4826 | D:5      | Reached skill level 5 in Fighting
  5827 | D:6      | Reached XP level 8. HP: 24/56 MP: 8/8
  5949 | D:6      | Upgraded the game from 0.27-a0-379-g34d631faf5 to
                  | 0.27-a0-404-g4390dbc5be
  5996 | D:6      | Reached skill level 5 in Dodging
  5996 | D:6      | Reached skill level 5 in Shields
  6141 | D:6      | Found a radiant altar of Vehumet.
  7137 | D:7      | Gained mutation: You are frail. (-10% HP) [potion of
                  | mutation]
  7137 | D:7      | Gained mutation: You are partially covered in icy blue
                  | scales. (AC +2) [potion of mutation]
  7137 | D:7      | Gained mutation: You have very sharp teeth. [potion of
                  | mutation]
  7137 | D:7      | Gained mutation: You are strong-willed. (Will+) [potion of
                  | mutation]
  7151 | D:7      | Lost mutation: You are frail. (-10% HP) [potion of
                  | mutation]
  7151 | D:7      | Lost mutation: You are strong-willed. (Will+) [potion of
                  | mutation]
  7151 | D:7      | Lost mutation: You are partially covered in icy blue
                  | scales. (AC +2) [potion of mutation]
  7151 | D:7      | Gained mutation: You are dopey. (Int -2) [potion of
                  | mutation]
  7151 | D:7      | Gained mutation: You are partially covered in molten
                  | scales. (AC +2) [potion of mutation]
  7151 | D:7      | Gained mutation: You possess an exceptional clarity of
                  | mind. [potion of mutation]
  7228 | D:7      | Reached XP level 9. HP: 63/63 MP: 9/9
  7291 | D:7      | Found an opulent altar of Gozag.
  7844 | D:7      | Found a runed translucent door.
  7845 | D:7      | Noticed Crazy Yiuf
  7852 | D:7      | Killed Crazy Yiuf
  8124 | D:7      | Found a burning altar of Makhleb.
  8314 | D:8      | Learned a level 1 spell: Magic Dart
  8441 | D:8      | Reached skill level 1 in Conjurations
  8581 | D:8      | Noticed Psyche
  8590 | D:8      | Killed Psyche
  8591 | D:8      | Reached XP level 10. HP: 71/71 MP: 10/10
  8638 | D:8      | Found a shadowy altar of Dithmenos.
  9385 | D:9      | Found a blossoming altar of Fedhas.
  9710 | D:10     | Entered Level 10 of the Dungeon
  9772 | D:10     | HP: 4/87 [poisoned by a killer bee]
  9777 | D:10     | HP: 3/87 [poisoned by a killer bee]
  9782 | D:10     | HP: 4/87 [poisoned by a killer bee]
  9933 | D:10     | Identified a scroll of acquirement
  9934 | D:10     | Acquired 621 gold pieces
 10004 | D:10     | Reached skill level 1 in Evocations
 10017 | D:10     | Identified the +5 dagger of the Shining Light {vorpal,
                  | Int+6}
 10077 | D:10     | Found a staircase to the Lair.
 10167 | D:10     | Found a staircase to the Orcish Mines.
 10211 | D:10     | Noticed a two-headed ogre
 10223 | D:10     | Killed a two-headed ogre
 10224 | D:10     | Reached XP level 11. HP: 69/78 MP: 11/11
 11358 | D:11     | Noticed a red ugly thing
 11366 | D:11     | Killed a red ugly thing
 11371 | D:11     | Noticed TimeIsEndless's ghost (journeyman DDFi)
 11707 | D:11     | Found a runed translucent door.
 11838 | D:11     | Found Vitrefug's Weapon Shoppe.
 11841 | D:11     | Bought a +1 vampiric war axe for 192 gold pieces
 11929 | D:12     | Noticed a manticore
 11943 | D:12     | Noticed Sonja
 11945 | D:12     | Killed a manticore
 12007 | D:12     | Killed Sonja
 12335 | D:12     | Reached skill level 10 in Axes
 12356 | D:12     | Noticed a five-headed hydra
 12417 | D:13     | Noticed a centaur warrior
 12596 | Temple   | Became a worshipper of Cheibriados the Contemplative
 12750 | Lair:1   | Entered Level 1 of the Lair of Beasts
 12892 | D:10     | Reached skill level 10 in Fighting
 12892 | D:10     | Reached skill level 1 in Invocations
 12951 | D:10     | Reached XP level 12. HP: 87/87 MP: 13/13
 13074 | Lair:1   | Identified the Papyrus of Beguiling and Changing
 13198 | Lair:1   | Reached * piety under Cheibriados
 13245 | Lair:1   | Noticed a dire elephant
 13246 | Lair:1   | Found the -2 hat of the Alchemist {rElec rPois rF+ rC+ rN+
                  | Will+ rMut rCorr}
 13333 | Lair:1   | HP: 4/103 [komodo dragon (22)]
 13437 | Lair:1   | Found a runed translucent door.
 13939 | D:12     | Killed a five-headed hydra
 14148 | D:12     | Killed a centaur warrior
 14149 | D:12     | Reached skill level 5 in Invocations
 14410 | D:13     | Noticed a two-headed ogre
 14424 | D:13     | Killed a two-headed ogre
 14461 | D:13     | Reached ** piety under Cheibriados
 14690 | D:13     | Found a roughly hewn altar of Beogh.
 14859 | Orc:1    | Entered Level 1 of the Orcish Mines
 14859 | Orc:1    | Noticed Nergalle
 14865 | Orc:1    | Killed Nergalle
 15033 | Orc:1    | Reached *** piety under Cheibriados
 15034 | Orc:1    | Reached XP level 13. HP: 58/95 MP: 18/18
 15035 | Orc:1    | Noticed Jorgrun
 15048 | Orc:1    | Killed Jorgrun
 15370 | Orc:2    | Entered Level 2 of the Orcish Mines
 15450 | Orc:2    | Found a staircase to the Elven Halls.
 15787 | Orc:2    | Reached **** piety under Cheibriados
 15835 | Orc:2    | HP: 1/112 [orange demon[an orc high priest] (14)]
 15836 | Orc:2    | Slain by an orc high priest

Illustrated notes

Levels and vault maps discovered:
D:1:      dpeg_arrival_arbitrary_c, layout_rooms
D:2:      layout_basic, minmay_misc_feat_enclosed
D:3:      layout_rooms, chequers_ecumenical_altar_simple_redux, uniq_terence
D:4:      black_bear_nest_2, layout_cave_pools, general_overflow_altar,
          minmay_temple_entry_arrows
D:5:      minmay_skewed_foursquare, layout_basic, ebering_ghost_sewer_f
D:6:      layout_layer_cave, lemuel_doored_altar, patterned_corridor
D:7:      layout_cave_pods, kennysheep_mini_moat, makhleb_blood_cavern_becter,
          uniq_crazy_yiuf_cottage
D:8:      layout_basic, lemuel_crystal_altar, serial_corexii_hall,
          chequers_hall_statues_y, corexii_hall_statues_u,
          minmay_misc_feat_pillars, uniq_psyche
D:9:      layout_roguey [special_room_bee], lemuel_round_altar,
          item_on_display_a
D:10:     kennysheep_seaside_town, layout_basic, erik_lair_orcish_takeover,
          david_orc_2
D:11:     layout_rooms, hellmonk_ghost_happy_afterlife, serial_shops,
          kennysheep_mini, minmay_fractal_squares_5
D:12:     layout_basic, uniq_sonja
D:13:     layout_rooms, special_room [special_room_orc], minmay_variable_closet
Temple:   eino_temple_rhombus
Lair:1:   gammafunk_lair_enchanted_lake, layout_hall_layers,
          chequers_serial_rivers_large_b, pond
Orc:1:    layout_caves, uniq_jorgrun, uniq_nergalle
Orc:2:    st_orc_mages, layout_caves

Skill      XL: |  1  2  3  4  5  6  7  8  9 10 11 12 13 |
---------------+----------------------------------------+-----
Axes           | 3 4 5 6 7 8 10 11 12 | 12.1
Fighting       | 4 5 6 7 8 10 11 12 | 12.0
Dodging        | 4 5 7 8 9 |  9.0
Shields        | 4 5 7 8 9 |  9.0
Conjurations   | 1 3 |  3.2
Evocations     | 3 |  3.0
Invocations    | 2 6 7 |  7.9

Action                   |  1- 3 |  4- 6 |  7- 9 | 10-12 | 13-15 || total
-------------------------+-------+-------+-------+-------+-------++-------
Melee: War axe           |    39 |    74 |   268 |   752 |    53 ||  1186
       Constrict         |    10 |    21 |    56 |   106 |    12 ||   205
       Tentacles         |     7 |    17 |    57 |   160 |    17 ||   258
       Bite              |       |       |    24 |   103 |    12 ||   139
Throw: Javelin           |       |       |     7 |     1 |       ||     8
       Dart              |       |       |       |     4 |     1 ||     5
Invok: Slouch            |       |       |       |       |     1 ||     1
Evoke: Wand              |       |       |       |    12 |    15 ||    27
       Box of beasts     |       |       |       |     1 |       ||     1
       Condenser vane    |       |       |       |       |     1 ||     1
  Use: Scroll            |     5 |     7 |     6 |    20 |     3 ||    41
       Potion            |       |     5 |     4 |     6 |     1 ||    16
 Stab: Sleeping          |     6 |     6 |    10 |     5 |     1 ||    28
       Confused          |       |       |       |       |     7 ||     7
Armor: Skin              |       |     6 |    26 |    56 |     3 ||    91
Dodge: Dodged            |    13 |    51 |   108 |   459 |    35 ||   666
Block: Kite shield       |    11 |    41 |   146 |   504 |    42 ||   744

Table legend: (Time is in decaauts)
 A = Elapsed time spent in this place.
 B = Non-inter-level travel time spent in this place.
 C = Inter-level travel time spent in this place.
 D = Time resting spent in this place.
 E = Time spent auto-exploring this place.
 F = Levels seen in this place.
 G = Mean time per level.
                   A        B        C        D        E       F      G
               +--------+--------+--------+--------+--------+-----+--------+
         Total |  17097 |  16149 |    948 |   2888 |   9407 |  17 | 1005.7 |
       Dungeon |  14506 |  13650 |    856 |   2297 |   8408 |  13 | 1115.8 |
        Temple |    469 |    434 |     35 |    255 |    174 |   1 |  469.0 |
          Lair |    727 |    691 |     36 |    169 |    246 |   1 |  727.0 |
  Orcish Mines |   1394 |   1375 |     19 |    166 |    578 |   2 |  697.0 |
               +--------+--------+--------+--------+--------+-----+--------+

Top non-repeatable levels by time:
    D:10: 1890 daAuts
     D:5: 1598 daAuts
     D:6: 1539 daAuts
    D:12: 1322 daAuts
     D:7: 1235 daAuts
     D:1: 1061 daAuts
     D:2: 1054 daAuts
     D:8: 978 daAuts
   Orc:1: 919 daAuts
     D:4: 914 daAuts
    D:11: 807 daAuts
    D:13: 804 daAuts
  Lair:1: 727 daAuts
     D:3: 717 daAuts
     D:9: 582 daAuts
